 Dungeon Crawl Stone Soup version 0.28-a0-691-gad6df49e81 (webtiles) character file.

Game seed: 15124125618134310490

133 cocoabean the Ruffian (level 5, -11/33 HPs)
             Began as a Gargoyle Berserker on Oct 21, 2021.
             Was a Follower of Trog.
             Mangled by an ogre (17 damage)
             ... on level 2 of the Dungeon.
             The game lasted 00:08:44 (2773 turns).

cocoabean the Ruffian (Gargoyle Berserker)          Turns: 2773, Time: 00:08:44

Health: -11/33     AC:  9    Str: 21    XL:     5   Next: 16%
Magic:  5/5        EV:  8    Int:  8    God:    Trog [*.....]
Gold:   46         SH:  0    Dex:  9    Spells: 4/4 levels left

rFire   . . .      SeeInvis .     - Unarmed
rCold   . . .      Faith    .   (no shield)
rNeg    + . .      Spirit   .   d - +0 ring mail
rPois   ∞          Reflect  .   (no helmet)
rElec   +          Harm     .   (no cloak)
rCorr   .          Rampage  .   (no gloves)
Will    .....                   (no boots)
Stlth   +.........              (no amulet)
HPRegen 0.11/turn               (no ring)
MPRegen 0.09/turn               (no ring)

@: on berserk cooldown, slowed, constricted, very slow
A: sickness immunity, AC +4, negative energy resistance 1, electricity
resistance, torment resistance 1, petrification resistance
a: Renounce Religion, Berserk


You were on level 2 of the Dungeon.
You worshipped Trog.
Trog was aware of your devotion.
You visited 1 branch of the dungeon, and saw 2 of its levels.

You collected 46 gold pieces.

Inventory:

Armour
 a - a +0 animal skin
 d - a +0 ring mail (worn)
Jewellery
 e - a ring of flight
Scrolls
 b - a scroll of magic mapping {unknown}
 c - a scroll of blinking {unknown}
 f - 2 scrolls of teleportation {unknown}
 g - a scroll of noise {unknown}


   Skills:
 + Level 3.8 Fighting
 + Level 3.3 Armour
 + Level 2.1 Dodging
 + Level 0.4 Stealth
 + Level 4.4 Unarmed Combat


You had 4 spell levels left.
You didn't know any spells.
Your spell library contained the following spells:

 Spells                   Type           Power      Damage    Failure   Level
 Shock                    Conj/Air       0%         1d3       56%         1
 Slow                     Hex            0%         N/A       71%         2
 Confusing Touch          Hex            0%         N/A       91%         3
 Swiftness                Air            0%         N/A       91%         3
 Airstrike                Air            0%         N/A       100%        4
 Yara's Violent Unravell  Hex/Tmut       0%         3d3       100%        5


Dungeon Overview and Level Annotations

Branches:
Dungeon (2/15)

Altars:


Innate Abilities, Weirdness & Mutations

You are immune to sickness and miasma.
Your stone body is resilient. (AC +4)
You are immune to poison.
You resist negative energy. (rN+)
You are resistant to electric shocks. (rElec)
You are resistant to unholy torment.
You are immune to petrification.


Message History

The kobold shouts!
You hear a shout!
You hear an angry hiss.
You punch the goblin!
You kill the goblin!
Trog accepts your kill.
The kobold throws a stone.
The stone barely misses you.
Things that are here:
a +0 dagger; a +1 flail of protection; 9 gold pieces You feel a strong urge to attack something.
You punch the kobold!
You kill the kobold!
Trog accepts your kill.
An ogre comes into view. It is wielding a +0 giant club.
Things that are here:
a +0 dagger; a +1 flail of protection; 9 gold pieces An endoplasm comes into view.
You feel a strong urge to attack something.
You are no longer berserk.
You are exhausted.
You feel yourself slow down.
The endoplasm quivers.
The ball python bites you but does no damage.
The ball python closely misses you.
You hit the ball python but do no damage.
The ball python closely misses you. The ball python grabs you.
The ball python constricts you.
The ball python bites you but does no damage.
The ball python constricts you.
You hit the ball python.
The ball python is severely wounded.
The ball python barely misses you. The ball python constricts you.
The ogre hits you with a +0 giant club!!
Ouch! That really hurt!
* * * LOW HITPOINT WARNING * * *
The ball python barely misses you. The ball python constricts you.
* * * LOW HITPOINT WARNING * * *
You escape the ball python's grasp.
The ball python barely misses you. The ball python grabs you.
The ball python constricts you. The ogre hits you with a +0 giant club!
Ouch! That really hurt!
You die...

##.#.. ##..##
#. #.##..
##..###.## #..
... ##.#....#
##. #...
#.##.... .
#...#..##..# ..
##....#..)#
#...####.# #.#
#....).###)##.#
####.....@OJ..#
#######S##.#
#.# # #.# #.#
#.. ..# ###


You could see an ogre, an endoplasm and a ball python.

Vanquished Creatures
  A scorpion (D:2)
  A gnoll (D:2)
  2 adders (D:2)
  2 worms (D:2)
  A dart slug (D:2)
  3 ball pythons
  3 bats
  4 endoplasms
  2 giant cockroaches (D:1)
  2 goblins (D:2)
  3 hobgoblins
  2 quokkas
  6 kobolds
  4 rats
36 creatures vanquished.

Notes
Turn   | Place    | Note
-------+----------+-------------------------------------------
     0 | D:1      | cocoabean the Gargoyle Berserker began the quest for the
                  | Orb.
     0 | D:1      | Reached XP level 1. HP: 14/14 MP: 1/1
     1 | D:1      | Noticed an electric eel
   144 | D:1      | Reached XP level 2. HP: 13/19 MP: 2/2
  1848 | D:2      | Reached XP level 3. HP: 18/24 MP: 3/3
  2152 | D:2      | Noticed a scorpion
  2164 | D:2      | Killed a scorpion
  2165 | D:2      | Reached skill level 4 in Unarmed Combat
  2165 | D:2      | Reached XP level 4. HP: 29/29 MP: 4/4
  2743 | D:2      | Reached XP level 5. HP: 33/33 MP: 5/5
  2769 | D:2      | Noticed an ogre
  2773 | D:2      | Mangled by an ogre

Illustrated notes

Levels and vault maps discovered:
D:1:      arrival_aquarium_a, layout_loops_ring
D:2:      minmay_evil_eye, layout_loops_ring, serial_park_tiny_2,
          minmay_circle_x

Skill      XL: |  1  2  3  4 |
---------------+-------------+-----
Dodging        | 2 |  2.1
Unarmed Combat | 4 |  4.4
Armour         | 3 |  3.3
Fighting       | |  3.8
Stealth        | |  0.4

Action                   |  1- 3 |  4- 6 || total
-------------------------+-------+-------++-------
Melee: Unarmed           |    92 |    57 ||   149
       Punch             |     2 |       ||     2
Invok: Berserk           |     1 |     1 ||     2
Armor: Animal skin       |    13 |       ||    13
       Ring mail         |    13 |    14 ||    27
Dodge: Dodged            |    45 |    28 ||    73

Table legend: (Time is in decaauts)
 A = Elapsed time spent in this place.
 B = Non-inter-level travel time spent in this place.
 C = Inter-level travel time spent in this place.
 D = Time resting spent in this place.
 E = Time spent auto-exploring this place.
 F = Levels seen in this place.
 G = Mean time per level.
                   A        B        C        D        E       F      G
               +--------+--------+--------+--------+--------+-----+--------+
         Total |   2772 |   2741 |     31 |   1898 |    497 |   2 | 1386.0 |
       Dungeon |   2772 |   2741 |     31 |   1898 |    497 |   2 | 1386.0 |
               +--------+--------+--------+--------+--------+-----+--------+

Top non-repeatable levels by time:
     D:1: 1728 daAuts
     D:2: 1044 daAuts
